 Dungeon Crawl Stone Soup version 0.19.1-1-g22dce08 (webtiles) character file.

207 attempt the Chopper (level 5, 0/48 HPs)
             Began as a Hill Orc Berserker on Jan 15, 2017.
             Was a Believer of Trog.
             Succumbed to a scorpion's poison
             ... on level 4 of the Dungeon.
             The game lasted 00:13:13 (4439 turns).

attempt the Chopper (Hill Orc Berserker)            Turns: 4439, Time: 00:13:14

Health: 0/48       AC:  3    Str: 26    XL:     5   Next: 85%
Magic:  5/5        EV: 12    Int:  7    God:    Trog [**....]
Gold:   127        SH:  0    Dex: 10    Spells: 0 memorised, 4 levels left

rFire  . . .     SeeInvis .     t - +0 flail
rCold  . . .     Gourm    .     p - +0 leather armour
rNeg   . . .     Faith    .     (no shield)
rPois  .         Spirit   .     (no helmet)
rElec  .         Reflect  .     (no cloak)
rCorr  .         Harm     .     (no gloves)
MR     .....                    (no boots)
Stlth  +.........               (no amulet)
                                (no ring)
                                d - ring of wizardry

@: mighty, lethally poisoned (0 -> -10)
A: no striking features
a: Berserk, Trog's Hand, Burn Spellbooks, Renounce Religion


You were on level 4 of the Dungeon.
You worshipped Trog.
Trog was pleased with you.
You were not hungry.

You visited 1 branch of the dungeon, and saw 4 of its levels.

You collected 127 gold pieces.

Inventory:

Hand Weapons
 a - a +0 hand axe
 o - a +2 dagger of flaming
 t - a +0 flail (weapon)
Armour
 b - a +0 animal skin
 f - a +0 robe
 p - a +0 leather armour (worn)
Magical Staves
 m - an uncursed staff of death
Jewellery
 d - a ring of wizardry (left hand)
Wands
 n - a wand of confusion (35/48)
Scrolls
 k - 2 scrolls of magic mapping
 l - a scroll of fog
 s - a scroll of enchant armour
Potions
 c - a potion of ambrosia
 e - a potion of resistance {unknown}
 g - 2 potions of agility
 q - a potion of curing {unknown}
 r - a potion of heal wounds {unknown}
Comestibles
 h - 2 bread rations
 i - a slice of pizza
 j - a meat ration


   Skills:
 + Level 5.0 Fighting
 + Level 6.2 Axes
 + Level 2.8 Armour
 + Level 2.4 Dodging
 + Level 0.5 Stealth


You had 4 spell levels left.
You didn't know any spells.

Dungeon Overview and Level Annotations

Branches:
Dungeon (4/15)
 Temple: D:4-7

Altars:
Cheibriados
Fedhas
Zin


Message History

You feel sick. The scorpion stings you!
You closely miss the scorpion.
The scorpion is moderately wounded.
You feel sick. The scorpion stings you. x2
You are more poisoned.
The scorpion poisons you!
You closely miss the scorpion.
The scorpion is moderately wounded.
You feel sick. The scorpion barely misses you.
You barely miss the scorpion.
The scorpion is moderately wounded.
You feel sick. The scorpion stings you!
* * * LOW HITPOINT WARNING * * *
You feel very mighty all of a sudden.
* * * LOW HITPOINT WARNING * * *
You feel sick. The scorpion stings you.
* * * LOW HITPOINT WARNING * * *
You closely miss the scorpion.
The scorpion is moderately wounded.
You die...

#..#####.####.#####.##.
#..##.......#.# #.##.
#..##.##.##.#.## #.##.
#..##.##.##....# #.###
#..............# #.#
##.##.##.##....# #.#
#.##.##.##....####.#
#.##.......#.......#
#.###@#####...######
#.# #s# ##.## ..# #.#
#.# ### #.# #.# #.# #.
#.. ## ###


You could see a scorpion.

Vanquished Creatures
  2 orc wizards (D:4)
  A jelly (D:4)
  Ijyb (D:3)
  3 adders
  2 oozes
  A worm (D:2)
  2 dart slugs (D:2)
  A leopard gecko (D:4)
  An orc (D:4)
  3 ball pythons
  5 giant cockroaches
  10 goblins
  9 hobgoblins
  4 bats (D:2)
  6 frilled lizards
  4 kobolds
  3 rats
58 creatures vanquished.

Notes
Turn   | Place    | Note
-------+----------+-------------------------------------------
     0 | D:1      | attempt the Hill Orc Berserker began the quest for the Orb.
     0 | D:1      | Reached XP level 1. HP: 19/19 MP: 1/1
   138 | D:1      | Reached XP level 2. HP: 12/27 MP: 2/2
   800 | D:2      | Reached XP level 3. HP: 24/33 MP: 3/3
  1275 | D:2      | Reached ** piety under Trog
  1583 | D:2      | Found a snail-covered altar of Cheibriados.
  1840 | D:2      | Reached skill level 5 in Axes
  1907 | D:2      | Reached XP level 4. HP: 38/41 MP: 4/4
  2825 | D:3      | Found a glowing silver altar of Zin.
  2825 | D:3      | Found a blossoming altar of Fedhas.
  3167 | D:3      | Noticed Ijyb
  3193 | D:3      | Killed Ijyb
  3814 | D:4      | Reached XP level 5. HP: 47/47 MP: 5/5
  3907 | D:4      | Reached skill level 5 in Fighting
  4224 | D:4      | Reached skill level 6 in Axes
  4438 | D:4      | HP: 1/48 [scorpion (5)]
  4439 | D:4      | Succumbed to a scorpion's poison

Skill      XL: |  1  2  3  4  5 |
---------------+----------------+-----
Fighting       | 4 5 |  5.0
Axes           | 5 6 |  6.2
Dodging        | 2 |  2.4
Armour         | |  2.8
Stealth        | |  0.5

Action                   |  1- 3 |  4- 6 || total
-------------------------+-------+-------++-------
Melee: Hand axe          |   124 |   113 ||   237
       Flail             |       |    15 ||    15
  Use: Potion            |     3 |     3 ||     6
       Scroll            |     2 |     6 ||     8
  Eat: Bread ration      |     1 |     1 ||     2
       Meat ration       |       |     1 ||     1
Armor: Animal skin       |    27 |    12 ||    39
       Leather armour    |       |    11 ||    11
Dodge: Dodged            |    84 |    63 ||   147
